 Dungeon Crawl Stone Soup version 0.28.0-62-gf88900778d (webtiles) character file.

Game seed: 15009724401348748203

233 cbfl8 the Covered (level 5, -2/41 HPs)
             Began as a Demonspawn Fighter on Mar 22, 2024.
             Succumbed to Robin's poison
             ... on level 2 of the Dungeon.
             The game lasted 00:02:15 (3057 turns).

cbfl8 the Covered (Demonspawn Fighter)              Turns: 3057, Time: 00:02:15

Health: -2/41      AC:  7    Str: 23    XL:     5   Next: 74%
Magic:  3/5        EV:  9    Int:  9    God:
Gold:   58         SH: 10    Dex: 14    Spells: 4/4 levels left

rFire   x . .      SeeInvis .   a - +0 war axe
rCold   + . .      Faith    .   c - +0 buckler
rNeg    . . .      Spirit   +   b - +0 scale mail
rPois   .          Reflect  +   (helmet restricted)
rElec   .          Harm     .   (no cloak)
rCorr   .          Rampage  .   (no gloves)
Will    .....                   (no boots)
Stlth   ..........              f - amulet of reflection
HPRegen 0.13/turn               h - ring of ice
MPRegen 0.18/turn               i - +6 ring of strength

@: lethally poisoned (-2 -> -36)
A: horns 1, magic shield, magic regeneration
a: no special abilities


You were on level 2 of the Dungeon.
You visited 1 branch of the dungeon, and saw 3 of its levels.

You collected 58 gold pieces.

Inventory:

Hand Weapons
 a - a +0 war axe (weapon)
Armour
 b - a +0 scale mail (worn)
 c - a +0 buckler (worn)
Jewellery
 f - an amulet of reflection (around neck)
 h - a ring of ice (left hand)
 i - a +6 ring of strength (right hand)
Scrolls
 g - a scroll of amnesia {unknown}
 k - a scroll of enchant armour {unknown}


   Skills:
 + Level 3.5 Fighting
 + Level 3.1 Axes
 + Level 3.8 Armour
 + Level 3.4 Shields
 * Level 2.2 Evocations


You had 4 spell levels left.
You didn't know any spells.
Your spell library was empty.

Dungeon Overview and Level Annotations

Branches:
Dungeon (3/15)

Altars:


Innate Abilities, Weirdness & Mutations

You have a pair of small horns on your head.
When hurt, damage is shared between your health and your magic reserves.
You regenerate magic rapidly.


Message History

Robin's bangles clink loudly.
You block Robin's attack. The goblin hits you with a +0 dagger.
You miss the goblin. You headbutt the goblin.
You kill the goblin!
Robin hits you from afar with a +0 spear of venom.
You are poisoned.
Unknown command.
Unknown command.
You feel very sick. Robin hits you but does no damage.
You are more poisoned.
You hit Robin but do no damage.
You feel very sick.
Robin says, "Kneel, worm!"
Robin completely misses you. You block Robin's attack.
You hit Robin.
Robin is lightly wounded.
You feel very sick.
Robin hits you with a +0 spear of venom.
You are more poisoned.
You slash Robin! Your headbutt misses Robin.
Robin is almost dead.
You feel very sick. You block Robin's attack.
You are too injured to fight recklessly!
You are too injured to fight recklessly!
You closely miss Robin.
Robin is almost dead.
You feel very sick.
Robin's bangles clink loudly.
Robin hits you with a +0 spear of venom.
* * * LOW HITPOINT WARNING * * *
You are lethally poisoned!
Robin hits you with a +0 spear of venom.
* * * LOW HITPOINT WARNING * * *
You are more poisoned.
You aren't carrying any potions.
You slash Robin!
You kill Robin!
You die...

#..#####.# #..#
#..# #####..#
#......#
#)###.##
#)).#...
.#####.####.#
#......)@....#
#######..)......
.'.........
###.........
#.........
#.........
#.........
#.........


There were no monsters in sight!

Vanquished Creatures
  3 wights
  Jessica (D:2)
  Robin (D:2)
  2 adders (D:3)
  A worm (D:2)
  4 orcs (D:3)
  3 endoplasms
  2 giant cockroaches
  15 goblins
  3 hobgoblins
  4 jackals (D:2)
  5 kobolds
  3 quokkas
  A ball python (D:2)
  2 bats
  3 frilled lizards
  3 rats
56 creatures vanquished.

Vanquished Creatures (others)
  A plant (D:1)
1 creature vanquished.

Grand Total: 57 creatures vanquished

Notes
Turn   | Place    | Note
-------+----------+-------------------------------------------
     0 | D:1      | cbfl8 the Demonspawn Fighter began the quest for the Orb.
     0 | D:1      | Reached XP level 1. HP: 18/18 MP: 1/1
   642 | D:1      | Gained mutation: You regenerate magic rapidly. [demonic
                  | ancestry]
   642 | D:1      | Reached XP level 2. HP: 15/24 MP: 2/2
  1277 | D:2      | Noticed Jessica
  1284 | D:2      | Killed Jessica
  1285 | D:2      | Gained mutation: You have a pair of small horns on your
                  | head. [demonic ancestry]
  1285 | D:2      | Reached XP level 3. HP: 20/29 MP: 3/3
  1502 | D:2      | Reached skill level 1 in Evocations
  2112 | D:3      | Reached XP level 4. HP: 19/35 MP: 4/4
  2179 | D:2      | Gained mutation: When hurt, damage is shared between your
                  | health and your magic reserves. [demonic ancestry]
  2179 | D:2      | Reached XP level 5. HP: 29/41 MP: 5/5
  3045 | D:2      | Noticed Robin
  3057 | D:2      | Killed Robin
  3057 | D:2      | Succumbed to Robin's poison

Illustrated notes

Levels and vault maps discovered:
D:1:      dpeg_arrival_connections, layout_basic, serial_bayou_pond_b,
          solitary_fountain
D:2:      layout_basic, dreamdust_ecumenical_altar_statues, uniq_jessica,
          uniq_robin
D:3:      layout_loops_corners, minmay_misc_feat_chi, chequers_avenue,
          hangedman_decor_lopped, minivault_11, dk_noncrumbling_3, st_stairs_14,
          kennysheep_cross_bottleneck

Skill      XL: |  1  2  3  4  5 |
---------------+----------------+-----
Axes           | 2 3 |  3.1
Armour         | 3 |  3.8
Shields        | 3 |  3.4
Evocations     | 1 2 |  2.2
Fighting       | |  3.5

Action                   |  1- 3 |  4- 6 || total
-------------------------+-------+-------++-------
Melee: War axe           |    86 |    60 ||   146
       Headbutt          |     3 |     8 ||    11
  Use: Potion            |       |     3 ||     3
Armor: Scale mail        |    42 |    15 ||    57
       Skin              |       |     3 ||     3
Dodge: Dodged            |    29 |    18 ||    47
Block: Buckler           |    34 |    36 ||    70
       Reflection        |     4 |       ||     4
